 Dungeon Crawl Stone Soup version 0.31-a0-232-gb1c03b2570 (webtiles) character file.

Game seed: 13220147402920020058

33 qw the Shooter (level 3, -5/29 HPs)
             Began as a Minotaur Hexslinger on July 7, 2023.
             Slain by a goblin
             ... wielding a +0 club
             ... led by Robin
              (6 damage)
             ... on level 2 of the Dungeon.
             The game lasted 00:00:16 (589 turns).

qw the Shooter (Minotaur Hexslinger)                 Turns: 589, Time: 00:00:17

Health: -5/29      AC:  2    Str: 12    XL:     3   Next: 12%
Magic:  3/3        EV: 12    Int: 10    God:
Gold:   83         SH:  0    Dex: 14    Spells: 3/4 levels left

rFire   . . .        f - +1 sling (heavy)
rCold   . . .        (no shield)
rNeg    . . .        c - +0 robe
rPois   .            (helmet restricted)
rElec   .            (no cloak)
rCorr   .            (no gloves)
SInv    .            (no boots)
Will    .....        (no amulet)
Stlth   +            (no ring)
HPRegen 0.24/turn    (no ring)
MPRegen 0.08/turn

%: no passive effects
@: no status effects
A: horns 2, retaliatory headbutt
a: no special abilities


You were on level 2 of the Dungeon.
You visited 1 branch of the dungeon, and saw 2 of its levels.

You collected 83 gold pieces.


Innate Abilities, Weirdness & Mutations

You have a pair of horns on your head.
You reflexively headbutt those who attack you in melee.


   Skills:
 - Level 2.0 Fighting
 + Level 3.7 Ranged Weapons
 - Level 2.1 Dodging
 - Level 1.0 Spellcasting
 - Level 2.0 Hexes


You had 3 spell levels left.
You knew the following spells:

 Your Spells              Type           Power      Damage    Failure   Level
a - Slow                  Hex            16%        N/A       16%         1

Your spell library contained the following spells:

 Spells                   Type           Power      Damage    Failure   Level
 Inner Flame              Hex/Fire       2%         N/A       56%         3
 Portal Projectile        Hex/Tloc       4%         N/A       56%         3
 Cause Fear               Hex            2%         N/A       83%         4

Inventory:

Hand Weapons
 f - a +1 heavy sling (weapon)
Armour
 c - a +0 robe (worn)
Scrolls
 j - a scroll of identify
Potions
 e - a potion of haste {unknown}
 h - a potion of curing {unknown}

Dungeon Overview and Level Annotations

Branches:
Dungeon (2/15)

Altars:

Annotations:
D:2 Robin


Message History

The goblin hits you with a +0 dagger.
The hobgoblin moves out of view.
You shoot a sling bullet.
The sling bullet closely misses the goblin.
The goblin closely misses you. The goblin misses you.
Robin points. "Kill!"
Robin throws the goblin at you! The goblin misses you. You furiously retaliate!
You headbutt the goblin!
You kill the goblin!
The goblin hits you with a +0 dagger.
You shoot a sling bullet.
The sling bullet closely misses the goblin.
A goblin comes into view. It is wielding a +0 club.
The hobgoblin hits you. The goblin hits you with a +0 dagger.
The goblin barely misses you. The goblin hits you with a +0 club.
A goblin comes into view. It is wielding a +0 club.
The hobgoblin barely misses you. The goblin hits you with a +0 dagger.
The goblin moves out of view.
You shoot a sling bullet. The sling bullet hits the goblin.
The goblin is severely wounded.
The goblin hits you but does no damage.
The hobgoblin hits you but does no damage.
A goblin comes into view. It is wielding a +0 club.
The goblin closely misses you.
You shoot a sling bullet. The sling bullet hits the goblin!
You kill the goblin!
Robin throws the goblin at you!
A goblin comes into view. It is wielding a +0 dagger.
The hobgoblin hits you. The goblin misses you.
The goblin hits you with a +0 dagger. Robin throws the goblin at you!
The goblin hits you with a +0 dagger. The hobgoblin hits you.
The goblin hits you with a +0 club.
You shoot a sling bullet. The goblin shouts!
The sling bullet hits the goblin.
You kill the goblin!
The goblin hits you with a +0 dagger. The hobgoblin misses you.
Robin roars a battlecry!
The goblins go into a battle-frenzy!
The goblin hits you with a +0 club.
You die...

#...)#......#. ..
#....########. .g
+....# #. #g
##....### #####
#g #.......#
#.... #g
#.....#.# #.###
#g #.....#.# #.#
#g###.#####.###.#
#g@.....# #.....#
#g).....# #######
#.(.....#
#.......#
#.......#
#.......#
#.......#
#########


You could see Robin, 2 hobgoblins and 5 goblins.

Vanquished Creatures
  2 dart slugs (D:1)
  2 ball pythons
  2 bats
  3 endoplasms
  6 goblins
  2 hobgoblins (D:1)
  2 jackals (D:1)
  2 quokkas (D:1)
  A kobold (D:1)
  4 rats
26 creatures vanquished.

Notes
Turn   | Place    | Note
-------+----------+-------------------------------------------
     0 | D:1      | qw the Minotaur Hexslinger began the quest for the Orb.
     0 | D:1      | Reached XP level 1. HP: 16/16 MP: 1/1
     0 | D:1      | 0 ||| qw: Version: 0.3-a-46-gb1f654a
     0 | D:1      | 0 ||| qw: Game counter: 2583
     0 | D:1      | 0 ||| qw: Melee chars always use a shield: true
     0 | D:1      | 0 ||| qw: God list: Okawaru
     0 | D:1      | 0 ||| qw: Allow faded altars: false
     0 | D:1      | 0 ||| qw: Do Orc after clearing Dungeon:15 true
     0 | D:1      | 0 ||| qw: Do second Lair branch before Depths: true
     0 | D:1      | 0 ||| qw: Lair rune preference: random
     0 | D:1      | 0 ||| qw: Goals: Normal
     0 | D:1      | 0 ||| PLANNING D:1-11
   249 | D:1      | Reached skill level 3 in Ranged Weapons
   249 | D:1      | Reached XP level 2. HP: 22/23 MP: 2/2
   485 | D:1      | 485 ||| READING scroll labelled EWIWAYRIBI.
   486 | D:1      | 486 ||| READING scroll labelled FECOUN HOJU.
   487 | D:1      | 487 ||| READING scroll labelled ALEACL XUCKI.
   488 | D:1      | 488 ||| READING 2 scrolls labelled LUMMYG PEARA.
   489 | D:1      | 489 ||| READING scroll labelled KUDAIC KEACI.
   490 | D:1      | 490 ||| DROPPING scroll of poison.
   544 | D:2      | Reached XP level 3. HP: 29/29 MP: 3/3
   582 | D:2      | Noticed Robin
   588 | D:2      | HP: 6/29 [hobgoblin[Robin] (2)]
   589 | D:2      | HP: 1/29 [goblin/+0 dagger[Robin] (2)]
   589 | D:2      | Slain by a goblin

Levels and vault maps discovered:
D:1:      grunt_arrival_lava_bath, layout_rooms
D:2:      layout_basic, uniq_robin

Skill      XL: |  1  2 |
---------------+-------+-----
Ranged Weapons | 3 |  3.7
Fighting       | 2 |  2.0
Dodging        | |  2.1
Spellcasting   | |  1.0
Hexes          | |  2.0

Action                     || total
---------------------------++-------
   Fire: Sling             ||    64
    Use: Scroll            ||     5
 Armour: Robe              ||    10
  Dodge: Dodged            ||    22

Table legend:
 A = Non-vault XP
 B = Vault XP
 C = Vault XP percentage of total XP
 D = Non-vault monster count
 E = Vault monster count
 F = Vault count percentage of total count
                 A         B        C        D         E       F
            +---------+---------+-------+---------+---------+-------
      Total |      44 |       6 |  12.0 |      23 |       3 |  11.5
            +---------+---------+-------+---------+---------+-------
        D:1 |      36 |       0 |   0.0 |      18 |       0 |   0.0
        D:2 |       8 |       6 |  42.9 |       5 |       3 |  37.5
            +---------+---------+-------+---------+---------+-------
